[ PARTIDA AOE2 · #513471445 ]
UnrankedJemeres vs Burmese
Equipo del jugador · VICT
Equipo rival · DERR
[ ANÁLISIS DE REPETICIÓN · EXTRAÍDO DE LA PARTIDA GRABADA ]
Feudal
9:48
Castillos
24:12
Imperial
40:26
| APM promedio | 55.7 |
| APM pico | 119 |
| eAPM promedio | 22.4 |
| Aldeanos / militares | 116 / 116 |
Foco
⚔️ 31.2% · 🌾 68.8%
Scout Cavalry ×82 · Scorpion ×13 · Knight ×10 · Monk ×8 · Trebuchet (Packed) ×3
Feudal
13:35
Castillos
19:52
Imperial
40:36
| APM promedio | 37.7 |
| APM pico | 86 |
| eAPM promedio | 21.4 |
| Aldeanos / militares | 158 / 62 |
Foco
⚔️ 20.6% · 🌾 79.4%
Arambai ×22 · Battle Elephant ×21 · Spearman ×11 · Trebuchet (Packed) ×5 · Mangonel ×3
Mapa de la partida
Recursos iniciales + cada clic de construcción. Líneas = muros · curvas = relieve. ◆ oro · ⬟ piedra · ● bayas · ✦ reliquia · ◌ hueco del cierre
Tu base· Abierta — hueco de 5t
Base de cecevali· ✓ Cerrada en 19:52 · 98t muro · 1 puerta(s)
Terreno inicial suavizado · ◌ = hueco del cierre detectado · pasá el cursor para detalles
Inputs por minuto
— ajbdkla3652 - - cecevali
Build order — ajbdkla3652
Primeras 150 de 406 acciones detectadas
| 0:01 | Encolar | Villager (Male) |
| 0:02 | Construir | House |
| 0:04 | Construir | House |
| 0:06 | Encolar | Villager (Male) |
| 0:10 | Encolar | Villager (Male) |
| 0:12 | Encolar | Villager (Male) |
| 1:31 | Encolar | Villager (Male) |
| 1:48 | Construir | Lumber Camp |
| 2:00 | Encolar | Villager (Male) |
| 2:16 | Encolar | Villager (Male) |
| 2:16 | Encolar | Villager (Male) |
| 2:51 | Encolar | Villager (Male) |
| 2:51 | Encolar | Villager (Male) |
| 3:16 | Encolar | Villager (Male) |
| 3:16 | Encolar | Villager (Male) |
| 3:45 | Encolar | Villager (Male) |
| 3:49 | Construir | House |
| 3:50 | Encolar | Villager (Male) |
| 4:16 | Construir | Mill |
| 4:39 | Encolar | Villager (Male) |
| 4:47 | Encolar | Villager (Male) |
| 4:47 | Encolar | Villager (Male) |
| 4:56 | Encolar | Villager (Male) |
| 4:56 | Encolar | Villager (Male) |
| 5:44 | Construir | Mill |
| 6:02 | Encolar | Villager (Male) |
| 6:14 | Construir | House |
| 6:35 | Encolar | Villager (Male) |
| 6:56 | Investigar | Loom |
| 7:38 | Investigar | Feudal Age |
| 9:16 | Construir | Palisade Wall |
| 9:23 | Construir | House |
| 9:48 | Encolar | Villager (Male) |
| 9:48 | Edad | Edad Feudal |
| 9:53 | Construir | Stable |
| 9:57 | Investigar | Double-Bit Axe |
| 10:22 | Encolar | Villager (Male) |
| 10:29 | Construir | Lumber Camp |
| 10:34 | Encolar | Scout Cavalry |
| 10:45 | Encolar | Villager (Male) |
| 10:51 | Construir | Palisade Wall |
| 10:53 | Construir | Palisade Wall |
| 10:55 | Construir | Palisade Wall |
| 10:57 | Construir | Palisade Wall |
| 11:01 | Encolar | Villager (Male) |
| 11:21 | Encolar | Villager (Male) |
| 11:24 | Construir | Farm |
| 11:24 | Construir | Farm |
| 11:26 | Investigar | Horse Collar |
| 11:30 | Construir | Palisade Wall |
| 11:35 | Construir | Palisade Wall |
| 11:39 | Construir | Palisade Wall |
| 11:40 | Construir | Palisade Wall |
| 11:46 | Construir | Palisade Wall |
| 11:51 | Encolar | Villager (Male) |
| 11:54 | Construir | Farm |
| 12:04 | Encolar | Villager (Male) |
| 12:33 | Construir | Watch Tower |
| 12:36 | Encolar | Scout Cavalry |
| 12:43 | Encolar | Villager (Male) |
| 12:46 | Construir | Farm |
| 12:51 | Construir | Palisade Wall |
| 12:52 | Encolar | Villager (Male) |
| 12:57 | Construir | Farm |
| 12:59 | Encolar | Scout Cavalry |
| 13:03 | Encolar | Villager (Male) |
| 13:07 | Construir | Mining Camp |
| 13:10 | Construir | House |
| 13:15 | Construir | House |
| 13:17 | Construir | Palisade Wall |
| 13:25 | Encolar | Villager (Male) |
| 13:29 | Investigar | Wheelbarrow |
| 13:38 | Encolar | Scout Cavalry |
| 13:49 | Construir | House |
| 13:50 | Construir | Palisade Wall |
| 13:58 | Construir | Mining Camp |
| 14:26 | Encolar | Scout Cavalry |
| 14:30 | Encolar | Villager (Male) |
| 14:42 | Encolar | Villager (Male) |
| 15:12 | Encolar | Scout Cavalry |
| 15:25 | Construir | Watch Tower |
| 15:44 | Encolar | Scout Cavalry |
| 15:53 | Encolar | Villager (Male) |
| 16:15 | Encolar | Villager (Male) |
| 17:00 | Encolar | Villager (Male) |
| 17:05 | Encolar | Scout Cavalry |
| 17:11 | Construir | House |
| 17:17 | Construir | Farm |
| 17:19 | Construir | Farm |
| 17:20 | Construir | Farm |
| 17:20 | Construir | Farm |
| 17:21 | Construir | Farm |
| 17:22 | Construir | Mill |
| 18:03 | Encolar | Scout Cavalry |
| 18:06 | Construir | Blacksmith |
| 18:09 | Encolar | Villager (Male) |
| 18:22 | Encolar | Villager (Male) |
| 18:36 | Construir | Watch Tower |
| 18:42 | Investigar | Forging |
| 18:49 | Encolar | Scout Cavalry |
| 19:19 | Construir | Watch Tower |
| 19:28 | Investigar | Fletching |
| 19:48 | Construir | House |
| 19:59 | Construir | Market |
| 20:09 | Construir | Farm |
| 20:10 | Construir | Farm |
| 20:11 | Construir | Farm |
| 20:13 | Construir | Farm |
| 20:14 | Investigar | Scale Barding Armor |
| 20:17 | Encolar | Scout Cavalry |
| 20:33 | Construir | Lumber Camp |
| 20:44 | Construir | Watch Tower |
| 20:50 | Construir | Watch Tower |
| 20:52 | Encolar | Scout Cavalry |
| 21:33 | Investigar | Castle Age |
| 21:33 | Investigar | Castle Age |
| 22:01 | Encolar | Scout Cavalry |
| 22:24 | Encolar | Scout Cavalry |
| 22:56 | Encolar | Scout Cavalry |
| 22:57 | Encolar | Scout Cavalry |
| 23:11 | Encolar | Scout Cavalry |
| 23:18 | Investigar | Bloodlines |
| 23:28 | Encolar | Scout Cavalry |
| 23:33 | Encolar | Villager (Male) |
| 23:49 | Encolar | Scout Cavalry |
| 24:03 | Encolar | Villager (Male) |
| 24:03 | Encolar | Villager (Male) |
| 24:12 | Edad | Edad de los Castillos |
| 24:17 | Construir | House |
| 24:21 | Construir | Town Center |
| 24:25 | Investigar | Husbandry |
| 24:29 | Encolar | Knight |
| 24:38 | Encolar | Villager (Male) |
| 24:47 | Construir | Palisade Gate |
| 24:55 | Encolar | Villager (Male) |
| 25:00 | Encolar | Villager (Male) |
| 25:19 | Encolar | Villager (Male) |
| 25:30 | Encolar | Knight |
| 25:32 | Encolar | Villager (Male) |
| 25:48 | Construir | Monastery |
| 25:49 | Encolar | Villager (Male) |
| 25:52 | Encolar | Scout Cavalry |
| 25:53 | Encolar | Scout Cavalry |
| 26:01 | Encolar | Villager (Male) |
| 26:10 | Encolar | Villager (Male) |
| 26:17 | Encolar | Villager (Male) |
| 26:33 | Investigar | Iron Casting |
| 26:38 | Encolar | Villager (Male) |
| 26:47 | Encolar | Villager (Male) |
| 26:50 | Construir | Farm |
Build order — cecevali
Primeras 150 de 390 acciones detectadas
| 0:00 | Encolar | Villager (Male) |
| 0:01 | Encolar | Villager (Male) |
| 0:01 | Encolar | Villager (Male) |
| 0:02 | Construir | House |
| 0:03 | Construir | House |
| 0:35 | Encolar | Villager (Male) |
| 1:25 | Encolar | Villager (Male) |
| 1:57 | Encolar | Villager (Male) |
| 2:14 | Encolar | Villager (Male) |
| 2:49 | Encolar | Villager (Male) |
| 3:01 | Encolar | Villager (Male) |
| 3:07 | Construir | Lumber Camp |
| 3:30 | Investigar | Loom |
| 3:53 | Construir | House |
| 4:03 | Encolar | Villager (Male) |
| 4:04 | Encolar | Villager (Male) |
| 4:29 | Construir | Mill |
| 4:32 | Encolar | Villager (Male) |
| 4:47 | Construir | Palisade Wall |
| 5:21 | Encolar | Villager (Male) |
| 5:48 | Construir | House |
| 5:58 | Encolar | Villager (Male) |
| 6:13 | Construir | Palisade Wall |
| 6:15 | Encolar | Villager (Male) |
| 6:32 | Construir | Palisade Wall |
| 6:35 | Encolar | Villager (Male) |
| 7:06 | Encolar | Villager (Male) |
| 7:19 | Encolar | Villager (Male) |
| 7:19 | Encolar | Villager (Male) |
| 7:19 | Encolar | Villager (Male) |
| 7:55 | Construir | House |
| 8:35 | Construir | Palisade Wall |
| 8:42 | Encolar | Villager (Male) |
| 8:54 | Construir | Palisade Wall |
| 8:59 | Construir | Palisade Gate |
| 9:00 | Encolar | Villager (Male) |
| 9:13 | Encolar | Villager (Male) |
| 9:30 | Encolar | Villager (Male) |
| 9:37 | Construir | Mill |
| 10:52 | Encolar | Villager (Male) |
| 11:25 | Investigar | Feudal Age |
| 11:36 | Construir | Mining Camp |
| 11:46 | Construir | Barracks |
| 12:24 | Construir | House |
| 12:40 | Construir | House |
| 12:43 | Construir | Farm |
| 12:44 | Construir | Farm |
| 12:45 | Construir | Farm |
| 12:49 | Construir | Farm |
| 12:51 | Construir | Farm |
| 12:52 | Construir | Farm |
| 12:58 | Encolar | Villager (Male) |
| 12:59 | Encolar | Villager (Male) |
| 13:35 | Edad | Edad Feudal |
| 13:36 | Investigar | Horse Collar |
| 13:51 | Encolar | Spearman |
| 14:01 | Construir | House |
| 14:07 | Encolar | Villager (Male) |
| 14:08 | Encolar | Spearman |
| 14:29 | Construir | Farm |
| 14:49 | Encolar | Villager (Male) |
| 14:50 | Encolar | Villager (Male) |
| 14:54 | Construir | Farm |
| 14:57 | Encolar | Spearman |
| 14:59 | Construir | Archery Range |
| 15:07 | Encolar | Spearman |
| 15:12 | Encolar | Villager (Male) |
| 15:23 | Construir | Farm |
| 15:56 | Construir | Watch Tower |
| 16:14 | Encolar | Villager (Male) |
| 16:19 | Construir | Blacksmith |
| 16:21 | Encolar | Villager (Male) |
| 16:55 | Encolar | Spearman |
| 16:55 | Encolar | Spearman |
| 16:58 | Construir | House |
| 17:05 | Construir | House |
| 17:12 | Construir | House |
| 17:13 | Investigar | Castle Age |
| 17:26 | Construir | Mining Camp |
| 18:00 | Investigar | Stone Mining |
| 18:12 | Construir | House |
| 18:48 | Encolar | Spearman |
| 18:55 | Construir | Watch Tower |
| 19:13 | Investigar | Wheelbarrow |
| 19:52 | Edad | Edad de los Castillos |
| 19:57 | Encolar | Villager (Male) |
| 20:12 | Construir | Siege Workshop |
| 20:45 | Encolar | Mangonel |
| 20:53 | Construir | Farm |
| 20:54 | Construir | Farm |
| 21:10 | Construir | Watch Tower |
| 21:13 | Investigar | Fletching |
| 21:13 | Investigar | Fletching |
| 21:50 | Encolar | Mangonel |
| 21:53 | Encolar | Spearman |
| 21:53 | Encolar | Spearman |
| 22:30 | Encolar | Villager (Male) |
| 22:30 | Encolar | Villager (Male) |
| 22:30 | Encolar | Villager (Male) |
| 22:31 | Encolar | Villager (Male) |
| 23:12 | Encolar | Spearman |
| 23:12 | Encolar | Spearman |
| 24:05 | Encolar | Villager (Male) |
| 24:06 | Encolar | Villager (Male) |
| 24:08 | Investigar | Town Watch |
| 24:29 | Construir | Castle |
| 24:49 | Encolar | Villager (Male) |
| 24:49 | Encolar | Villager (Male) |
| 24:49 | Encolar | Villager (Male) |
| 24:50 | Encolar | Villager (Male) |
| 24:55 | Construir | Farm |
| 25:36 | Encolar | Villager (Male) |
| 25:36 | Encolar | Villager (Male) |
| 25:37 | Encolar | Villager (Male) |
| 25:58 | Construir | Town Center |
| 26:08 | Construir | Town Center |
| 26:14 | Encolar | Villager (Male) |
| 26:40 | Construir | Lumber Camp |
| 26:51 | Construir | Town Center |
| 26:56 | Encolar | Arambai |
| 26:56 | Encolar | Arambai |
| 27:35 | Encolar | Villager (Male) |
| 27:36 | Encolar | Villager (Male) |
| 27:36 | Encolar | Villager (Male) |
| 27:36 | Encolar | Villager (Male) |
| 27:36 | Encolar | Villager (Male) |
| 28:11 | Construir | Stable |
| 28:34 | Encolar | Villager (Male) |
| 28:35 | Encolar | Villager (Male) |
| 28:35 | Encolar | Villager (Male) |
| 28:35 | Encolar | Villager (Male) |
| 28:35 | Encolar | Villager (Male) |
| 28:36 | Encolar | Villager (Male) |
| 28:55 | Construir | Market |
| 29:12 | Encolar | Villager (Male) |
| 29:13 | Encolar | Villager (Male) |
| 29:13 | Encolar | Villager (Male) |
| 29:20 | Construir | Farm |
| 29:23 | Construir | Farm |
| 29:25 | Construir | Farm |
| 29:42 | Construir | Palisade Wall |
| 29:51 | Encolar | Arambai |
| 29:52 | Encolar | Arambai |
| 29:52 | Encolar | Arambai |
| 29:52 | Encolar | Arambai |
| 29:56 | Encolar | Arambai |
| 30:03 | Encolar | Villager (Male) |
| 30:03 | Encolar | Villager (Male) |
| 30:03 | Encolar | Villager (Male) |
| 30:03 | Encolar | Villager (Male) |
Cronología de la partida
| 4:47 | cecevali · wall_segment Palisade Wall x38 |
| 6:13 | cecevali · wall_segment Palisade Wall x12 |
| 6:32 | cecevali · wall_segment Palisade Wall x17 |
| 8:35 | cecevali · wall_segment Palisade Wall x8 |
| 8:54 | cecevali · wall_segment Palisade Wall x30 |
| 9:16 | ajbdkla3652 · wall_segment Palisade Wall x6 |
| 9:48 | ajbdkla3652 · age_up feudal |
| 9:53 | ajbdkla3652 · first_building Stable |
| 10:51 | ajbdkla3652 · wall_segment Palisade Wall x1 |
| 10:53 | ajbdkla3652 · wall_segment Palisade Wall x7 |
| 10:55 | ajbdkla3652 · wall_segment Palisade Wall x5 |
| 10:57 | ajbdkla3652 · wall_segment Palisade Wall x5 |
| 11:30 | ajbdkla3652 · wall_segment Palisade Wall x7 |
| 11:35 | ajbdkla3652 · wall_segment Palisade Wall x15 |
| 11:39 | ajbdkla3652 · wall_segment Palisade Wall x7 |
| 11:40 | ajbdkla3652 · wall_segment Palisade Wall x1 |
| 11:46 | cecevali · first_building Barracks |
| 11:46 | ajbdkla3652 · wall_segment Palisade Wall x1 |
| 12:51 | ajbdkla3652 · wall_segment Palisade Wall x1 |
| 13:17 | ajbdkla3652 · wall_segment Palisade Wall x1 |
| 13:35 | cecevali · age_up feudal |
| 13:50 | ajbdkla3652 · wall_segment Palisade Wall x1 |
| 14:59 | cecevali · first_building Archery Range |
| 19:52 | cecevali · age_up castle |
| 20:12 | cecevali · first_building Siege Workshop |
| 21:00 | ajbdkla3652 · first_market_sell 100 wood |
| 21:03 | ajbdkla3652 · first_market_buy 100 food |
| 24:12 | ajbdkla3652 · age_up castle |
| 24:29 | cecevali · first_building Castle |
| 25:48 | ajbdkla3652 · first_building Monastery |
| 28:11 | cecevali · first_building Stable |
| 28:49 | ajbdkla3652 · first_building Castle |
| 29:04 | ajbdkla3652 · wall_segment Palisade Wall x1 |
| 29:42 | cecevali · wall_segment Palisade Wall x1 |
| 37:20 | cecevali · first_market_sell 100 food |
| 37:27 | ajbdkla3652 · first_building Siege Workshop |
| 40:26 | ajbdkla3652 · age_up imperial |
| 40:36 | cecevali · age_up imperial |
| 40:37 | cecevali · first_market_buy 100 wood |
| 46:36 | cecevali · resign |
[ ANÁLISIS IA · 1 CRÉDITO ]
¿Qué pasó realmente en esta partida?
Wolo.gg analiza cada decisión: build order, eco, micro, errores típicos por bracket. Análisis personalizado por WhatsApp o Discord en 30 segundos.
Guía civ
Jemeres
Perfil
Jugador #2786378